 Dungeon Crawl Stone Soup version 0.17-a0-1951-g62301d3 (webtiles) character file.

12029 Kusio the Brawler (level 11, -3/94 HPs)
             Began as a Troll Monk on Oct 3, 2015.
             Slain by a hornet (shapeshifter) (22 damage)
             ... on level 11 of the Dungeon.
             The game lasted 00:27:11 (10091 turns).

Kusio the Brawler (Troll Monk)                     Turns: 10091, Time: 00:27:11

Health: -3/94      AC:  8    Str: 22    XL:     11   Next: 57%
Magic:  10/10      EV: 13    Int:  6    God:
Gold:   374        SH:  0    Dex: 14    Spells: 0 memorised, 10 levels left

rFire  . . .     SeeInvis .       - Unarmed
rCold  + . .     Clarity  .     d - +1 robe {rN+}
rNeg   + . .     SustAt   .     (no shield)
rPois  .         Gourm    +     (helmet restricted)
rElec  .         Spirit   .     x - +1 cloak {MR+}
rCorr  .         Warding  .     (gloves unavailable)
rMut   .         Stasis   .     (boots unavailable)
MR     +....                    (no amulet)
Stlth  ++........               o - +3 ring of evasion
                                q - ring of protection from cold

@: lethally poisoned (-3 -> -7), slowed, very slow, somewhat resistant to
hostile enchantments, unstealthy
A: unfitting armour, claws 3, fast metabolism 3, gourmand, regeneration 2,
shaggy fur 1, tough skin 2
a: no special abilities


You were on level 11 of the Dungeon.
You were very full.

You visited 3 branches of the dungeon, and saw 13 of its levels.

You collected 561 gold pieces.
You spent 187 gold pieces at shops.

Inventory:

Missiles
 k - 12 curare-tipped needles
Armour
 d - a +1 robe of positive energy (worn)
 x - a +1 cloak of magic resistance (worn)
Jewellery
 o - a +3 ring of evasion (right claw)
 q - a ring of protection from cold (left claw)
Magical devices
 i - a wand of fire (13)
 t - a wand of heal wounds (2)
 E - a wand of invisibility (3)
 H - a wand of slowing (12)
Scrolls
 c - 2 scrolls of immolation
 e - 3 scrolls of noise
 f - a scroll of enchant armour
 m - 2 scrolls of teleportation
 u - 3 scrolls of amnesia
 w - 5 scrolls of remove curse
 y - a scroll of magic mapping
 A - 3 scrolls of enchant weapon
 D - a scroll of holy word
 F - a scroll of silence
Potions
 a - a potion of brilliance
 j - a potion of magic
 n - a potion of haste
 p - 2 potions of might
 r - 4 potions of agility
 v - a potion of heal wounds
 z - 5 potions of curing
 B - 2 potions of ambrosia
Comestibles
 b - 10 bread rations
 g - 18 fruits
 h - 2 beef jerkies
 l - 2 meat rations
 s - 10 slices of pizza
 C - 2 royal jellies
 G - 3 chunks of flesh


   Skills:
 - Level 2.4 Fighting
 - Level 2.4 Dodging
 - Level 1.1 Stealth
 + Level 17.6 Unarmed Combat


You had 10 spell levels left.
You didn't know any spells.

Dungeon Overview and Level Annotations

Branches:
Dungeon (11/15)            Temple (1/1) D:5            Lair (1/8) D:8
    Orc: D:9-12

Altars:
Ashenzari
Cheibriados
Dithmenos
Elyvilon
Fedhas
Gozag
Kikubaaqudgha
Makhleb
Nemelex Xobeh
Okawaru
Qazlal
Ru
Sif Muna
Trog
Vehumet
Xom
Yredelemnul
Zin
The Shining One

Shops:
D:9 ?

Annotations:
D:9 Hades's ghost, experienced DEWz


Innate Abilities, Weirdness & Mutations

You are too large for most types of armour.
You have claws for hands.
Your metabolism is lightning-fast.
You like to eat raw meat.
You heal very quickly.
You are covered in fur (AC +1).
You have very tough skin (AC +2).


Message History

You claw the centaur skeleton!
The centaur skeleton closely misses you.
The centaur skeleton hits you!
A cyclops comes into view.
The cyclops shouts!
The cyclops throws a large rock.
The large rock hits you!
The centaur skeleton hits you but does no damage.
You see here a large rock.
The cyclops throws a large rock.
The large rock hits you!!
You claw the centaur skeleton!
You destroy the centaur skeleton!
The cyclops throws a large rock.
The large rock hits you!!
* * * LOW HITPOINT WARNING * * *
You see here 2 large rocks.
An ice beast comes into view.
The hornet stings you.
* * * LOW HITPOINT WARNING * * *
You are poisoned.
You feel yourself slow down. The hornet stings you!!
You die...

#.#.###### #.# #...# #.#
#####...## #.# .........#
#.# #####...## ##.##
#...# ######...###.#
#...# #.(....#.....#
#...#####.####..C#####
###.........@y.##.##
.........).#..#.##.#
####....#.......##<#
#........Y...##.#
.....####''######.#######
######........##........#
#..........##.#####>#
#............###
...........$.%#


You could see a hornet shaped shifter and an ice beast (wandering).

Vanquished Creatures
  Erolcha (D:8)
  A queen ant (Lair:1)
  A hill giant (D:10)
  The ghost of Hades the Magician, an experienced DEWz of Vehumet (D:10)
  A spiny frog (Lair:1)
  2 gargoyles (D:10)
  A komodo dragon (Lair:1)
  2 two-headed ogres
  Sigmund (D:4)
  A wraith (D:10)
  7 yaks
  Eustachio (D:5)
  2 hippogriffs (Lair:1)
  A human (D:7)
  A hungry ghost (D:10)
  Menkaure (D:6)
  Edmund (D:5)
  5 soldier ants (Lair:1)
  Duvessa (D:6)
  3 water moccasins (Lair:1)
  4 black bears
  2 orc warriors (D:6)
  5 ice beasts
  A sky beast (D:6)
  5 ogres
  A crocodile (Lair:1)
  3 centaurs
  A big kobold (D:6)
  Blork the orc (D:4)
  7 giant frogs
  Dowan (D:6)
  2 scorpions
  9 wights
  4 hounds
  4 crimson imps
  2 centaur zombies
  3 orc priests
  3 jellies
  A gnoll shaman (D:6)
  2 quasits
  Crazy Yiuf (D:5)
  A giant frog skeleton (D:8)
  2 centaur skeletons
  7 orc wizards
  Jessica (D:3)
  Terence (D:3)
  Natasha (twice) (D:4)
  5 iguanas
  4 sheep (D:7)
  12 worker ants
  A killer bee zombie (D:5)
  A hound zombie (D:6)
  2 hound skeletons
  8 gnolls
  23 adders
  2 shadow imps
  2 oozes (D:3)
  An adder zombie (D:8)
  An adder skeleton (D:4)
  3 worms (D:2)
  20 orcs
  4 giant cockroaches
  7 goblins
  11 hobgoblins
  7 jackals
  2 quokkas
  2 ball pythons (D:3)
  8 bats
  5 giant geckos
  2 giant gecko skeletons (D:4)
  5 giant newts
  A goblin skeleton (D:8)
  A goblin zombie (D:8)
  2 hobgoblin zombies (D:8)
  13 kobolds
  2 kobold skeletons (D:8)
  A kobold zombie (D:8)
  An orc zombie (D:8)
  7 rats
  A butterfly (Lair:1)
278 creatures vanquished.

Vanquished Creatures (others)
  A phantom (D:9)
  A giant frog (D:9)
  A hound (D:9)
3 creatures vanquished.

Grand Total: 281 creatures vanquished

Notes
Turn   | Place    | Note
--------------------------------------------------------------
     0 | D:1      | Kusio the Troll Monk began the quest for the Orb.
     0 | D:1      | Reached XP level 1. HP: 22/22 MP: 0/0
   305 | D:1      | Reached XP level 2. HP: 29/29 MP: 1/1
  1152 | D:2      | Reached skill level 5 in Unarmed Combat
  1152 | D:2      | Reached XP level 3. HP: 36/36 MP: 2/2
  1355 | D:2      | Reached XP level 4. HP: 25/44 MP: 3/3
  1796 | D:3      | Reached skill level 6 in Unarmed Combat
  1885 | D:3      | Found a sparkling altar of Nemelex Xobeh.
  1970 | D:3      | Noticed Terence
  1977 | D:3      | Killed Terence
  1977 | D:3      | Reached XP level 5. HP: 42/50 MP: 4/4
  2044 | D:3      | Found a deep blue altar of Sif Muna.
  2214 | D:3      | Found a radiant altar of Vehumet.
  2739 | D:3      | Noticed Jessica
  2744 | D:3      | Killed Jessica
  2820 | D:4      | Noticed Sigmund
  2834 | D:4      | Killed Sigmund
  2834 | D:4      | Reached skill level 7 in Unarmed Combat
  2834 | D:4      | Reached XP level 6. HP: 53/59 MP: 5/5
  2881 | D:4      | Noticed an ogre
  2889 | D:4      | Killed an ogre
  2889 | D:4      | Reached skill level 8 in Unarmed Combat
  2950 | D:4      | Noticed Blork the orc
  2967 | D:4      | Killed Blork the orc
  3050 | D:4      | Reached XP level 7. HP: 63/66 MP: 6/6
  3116 | D:4      | Noticed Natasha
  3123 | D:4      | Killed Natasha
  3130 | D:4      | Noticed Natasha
  3133 | D:4      | Killed Natasha
  3471 | D:5      | Entered Level 5 of the Dungeon
  3663 | D:5      | Reached skill level 9 in Unarmed Combat
  3698 | D:5      | Found a sacrificial altar of Ru.
  3886 | D:5      | Noticed Edmund
  3898 | D:5      | Killed Edmund
  4293 | D:5      | Noticed Crazy Yiuf
  4297 | D:5      | Killed Crazy Yiuf
  4446 | D:5      | Noticed Eustachio
  4471 | D:5      | Killed Eustachio
  4471 | D:5      | Reached skill level 10 in Unarmed Combat
  4471 | D:5      | Reached XP level 8. HP: 57/74 MP: 7/7
  4617 | D:5      | Found a staircase to the Ecumenical Temple.
  4786 | Temple   | Entered the Ecumenical Temple
  4812 | D:6      | Noticed Menkaure
  4816 | D:6      | Killed Menkaure
  5067 | D:6      | Reached skill level 11 in Unarmed Combat
  5217 | D:6      | Noticed Duvessa
  5217 | D:6      | Noticed Dowan
  5227 | D:6      | Killed Duvessa
  5233 | D:6      | Killed Dowan
  5237 | D:6      | Reached skill level 12 in Unarmed Combat
  5346 | D:6      | Reached XP level 9. HP: 74/80 MP: 8/8
  5553 | D:6      | Found an opulent altar of Gozag.
  5799 | D:7      | Reached skill level 13 in Unarmed Combat
  6390 | D:8      | Noticed Erolcha
  6397 | D:8      | Found a glowing golden altar of the Shining One.
  6407 | D:8      | Killed Erolcha
  6407 | D:8      | Reached skill level 14 in Unarmed Combat
  6407 | D:8      | Reached XP level 10. HP: 23/88 MP: 9/9
  6642 | D:8      | Found a staircase to the Lair.
  6798 | D:8      | Found a shattered altar of Ashenzari.
  7455 | D:9      | Found Byfishroa's Magic Scroll Shoppe.
  7463 | D:9      | Bought a scroll of silence for 112 gold pieces
  7463 | D:9      | Bought a scroll of teleportation for 45 gold pieces
  7481 | D:9      | Noticed Hades's ghost (experienced DEWz)
  7554 | Lair:1   | Entered Level 1 of the Lair of Beasts
  7561 | Lair:1   | Reached skill level 15 in Unarmed Combat
  7904 | Lair:1   | Noticed a queen ant
  7913 | Lair:1   | Killed a queen ant
  7913 | Lair:1   | Reached skill level 16 in Unarmed Combat
  8067 | Lair:1   | Noticed a black mamba
  8333 | D:9      | Reached XP level 11. HP: 81/94 MP: 10/10
  8455 | D:9      | Bought a scroll of identify for 30 gold pieces
  8472 | D:9      | Found an iron altar of Okawaru.
  8529 | D:9      | Found a stormy altar of Qazlal.
  8686 | D:10     | Entered Level 10 of the Dungeon
  9194 | D:10     | Killed Hades's ghost
  9194 | D:10     | Reached skill level 17 in Unarmed Combat
  9355 | D:10     | Noticed a hill giant
  9361 | D:10     | Killed a hill giant
 10091 | D:11     | Slain by a hornet (shapeshifter)

Vault maps used:
D:1:      dpeg_arrival_lava_altar, serial_park_tiny_1
D:2:      kennysheep_six_static_rooms, solitary_fountain
D:3:      mumra_celtic_spiral_tile, fiery_altar_vehumet, old_standard_altar,
          led_sif_pool, uniq_jessica, uniq_terence
D:4:      kennysheep_cluttered_room, uniq_sigmund, uniq_natasha,
          uniq_blork_the_orc
D:5:      lemuel_crystal_altar, temple_hall, first_bread, uniq_eustachio,
          uniq_crazy_yiuf_cottage, uniq_edmund
D:6:      nicolae_gozag_seed_capital, uniq_duvessa, uniq_menkaure
D:7:      grunt_livestock, minivault_27, grunt_ministairs_10
D:8:      lemuel_doored_altar, lair_0_dummy, minmay_misc_feat_alley,
          nicolae_tso_besieged_by_evil, uniq_erolcha
D:9:      okawaru_metal_pillars_3, nicolae_qazlal_eye_of_the_storm,
          serial_shops, kennysheep_little_box
D:10:     serial_glass, glass_columns_c, glass_columns_a, glass_columns_c,
          glass_columns_b, glass_columns_b, glass_columns_b, glass_columns_b,
          glass_columns_b, item_on_display_b, feat_on_display,
          due_unseen_surprise
D:11:     kennysheep_big_flooded_room, uniq_snorg, uniq_erica, uniq_gastronok
Temple:   minmay_freezing_vapour_temple_12
Lair:1:   wad_woods_antlair, lemuel_fruit_fields

Action                   |  1- 3 |  4- 6 |  7- 9 | 10-12 || total
-------------------------+-------+-------+-------+-------++-------
Melee: Unarmed           |    69 |   103 |   274 |   358 ||   804
Evoke: Wand              |       |       |       |     4 ||     4
  Use: Scroll            |       |       |    10 |     4 ||    14
       Potion            |       |       |     8 |     5 ||    13
 Stab: Sleeping          |     3 |       |     3 |     5 ||    11
  Eat: Chunk             |    12 |    21 |    30 |    42 ||   105
